[ AOE2 MATCH · #474015206 ]
Team RMPersians vs Franks
[ REPLAY ANALYSIS · EXTRACTED FROM THE RECORDED GAME ]
Feudal
12:48
Castle
20:05
Imperial
38:16
| APM avg | 33.7 |
| APM peak | 129 |
| eAPM avg | 25.0 |
| Villagers / military | 123 / 503 |
Focus
⚔️ 52.4% · 🌾 47.6%
Archer ×184 · Spearman ×121 · War Elephant ×87 · Skirmisher ×60 · Knight ×46 · Trade Cart ×15
Feudal
13:14
Castle
20:59
Imperial
37:20
| APM avg | 12.0 |
| APM peak | 98 |
| eAPM avg | 11.6 |
| Villagers / military | 167 / 418 |
Focus
⚔️ 49.1% · 🌾 50.9%
Teutonic Knight ×295 · Spearman ×104 · Trade Cart ×16 · Scorpion ×15 · Monk ×2 · Mangonel ×2
Feudal
11:47
Castle
24:21
Imperial
39:41
| APM avg | 16.3 |
| APM peak | 65 |
| eAPM avg | 11.1 |
| Villagers / military | 98 / 300 |
Focus
⚔️ 51.9% · 🌾 48.1%
Plumed Archer ×156 · Spearman ×109 · Trade Cart ×23 · Battering Ram ×20 · Skirmisher ×7 · Trebuchet (Packed) ×5
Feudal
10:03
Castle
22:51
Imperial
28:20
| APM avg | 12.5 |
| APM peak | 45 |
| eAPM avg | 7.7 |
| Villagers / military | 157 / 406 |
Focus
⚔️ 38.5% · 🌾 61.5%
Knight ×333 · Trade Cart ×47 · Spearman ×38 · Scorpion ×20 · Bombard Cannon ×9 · Monk ×5
Match map
Initial resources + every placement click. Lines = walls · curves = elevation contours. ◆ gold · ⬟ stone · ● berries · ✦ relic · ◌ wall gap
Your base· Open — unwalled flank
MrAlwaysWins's base· Open — unwalled flank
Cerati matero's base· Open — unwalled flank
Laucha.crack's base· Open — unwalled flank
Smoothed initial terrain · ◌ = detected wall gap · hover for details
Inputs per minute
— leehunt85 - - MrAlwaysWins
Build order — leehunt85
First 150 of 814 actions detected
| 0:10 | Build | House |
| 0:12 | Create | Villager (Male) |
| 0:13 | Create | Villager (Male) |
| 0:13 | Create | Villager (Male) |
| 0:13 | Create | Villager (Male) |
| 0:14 | Create | Villager (Male) |
| 0:47 | Build | House |
| 0:51 | Build | House |
| 0:55 | Build | House |
| 1:28 | Create | Villager (Male) |
| 2:15 | Build | House |
| 2:23 | Create | Villager (Male) |
| 2:36 | Create | Villager (Male) |
| 3:00 | Create | Villager (Male) |
| 3:24 | Create | Villager (Male) |
| 3:55 | Create | Villager (Male) |
| 3:56 | Create | Villager (Male) |
| 4:47 | Create | Villager (Male) |
| 4:47 | Create | Villager (Male) |
| 4:48 | Create | Villager (Male) |
| 4:48 | Create | Villager (Male) |
| 5:16 | Create | Villager (Male) |
| 5:16 | Create | Villager (Male) |
| 5:16 | Create | Villager (Male) |
| 5:50 | Create | Villager (Male) |
| 5:50 | Create | Villager (Male) |
| 5:51 | Create | Villager (Male) |
| 6:37 | Create | Villager (Male) |
| 6:38 | Create | Villager (Male) |
| 6:38 | Create | Villager (Male) |
| 6:38 | Create | Villager (Male) |
| 6:45 | Build | Barracks |
| 6:55 | Create | Villager (Male) |
| 7:19 | Build | Lumber Camp |
| 7:32 | Create | Villager (Male) |
| 7:33 | Create | Villager (Male) |
| 7:48 | Build | House |
| 7:59 | Create | Villager (Male) |
| 8:35 | Build | Mill |
| 9:29 | Build | Farm |
| 9:38 | Build | Farm |
| 10:23 | Build | Farm |
| 10:29 | Build | Farm |
| 10:33 | Research | Feudal Age |
| 10:41 | Build | Farm |
| 10:47 | Build | Farm |
| 10:51 | Build | Farm |
| 11:00 | Build | Farm |
| 11:30 | Build | Farm |
| 11:48 | Build | Farm |
| 12:01 | Build | Farm |
| 12:09 | Research | Loom |
| 12:17 | Create | Villager (Male) |
| 12:17 | Create | Villager (Male) |
| 12:18 | Create | Villager (Male) |
| 12:27 | Build | Farm |
| 12:42 | Build | Mining Camp |
| 12:48 | Age | Feudal Age |
| 12:50 | Create | Villager (Male) |
| 12:51 | Create | Villager (Male) |
| 12:57 | Research | Horse Collar |
| 13:02 | Research | Double-Bit Axe |
| 13:21 | Research | Town Watch |
| 13:30 | Build | House |
| 13:33 | Build | House |
| 13:37 | Build | House |
| 13:40 | Build | House |
| 13:44 | Build | House |
| 13:55 | Build | Blacksmith |
| 14:03 | Create | Villager (Male) |
| 14:36 | Build | Market |
| 15:04 | Build | Market |
| 15:13 | Create | Villager (Male) |
| 15:13 | Create | Villager (Male) |
| 15:27 | Build | Mining Camp |
| 15:39 | Create | Spearman |
| 15:39 | Create | Spearman |
| 16:20 | Create | Villager (Male) |
| 17:31 | Build | Lumber Camp |
| 17:39 | Research | Castle Age |
| 18:01 | Create | Trade Cart |
| 18:01 | Create | Trade Cart |
| 18:01 | Create | Trade Cart |
| 18:03 | Create | Trade Cart |
| 18:21 | Create | Villager (Male) |
| 18:21 | Create | Villager (Male) |
| 19:06 | Create | Trade Cart |
| 19:07 | Create | Trade Cart |
| 19:28 | Create | Villager (Male) |
| 19:28 | Create | Villager (Male) |
| 19:49 | Create | Villager (Male) |
| 19:52 | Create | Villager (Male) |
| 20:02 | Research | Padded Archer Armor |
| 20:03 | Research | Fletching |
| 20:05 | Age | Castle Age |
| 20:14 | Build | Castle |
| 20:28 | Research | Heavy Plow |
| 20:44 | Create | Villager (Male) |
| 20:45 | Create | Villager (Male) |
| 21:06 | Build | Farm |
| 21:17 | Build | Farm |
| 21:24 | Research | Leather Archer Armor |
| 21:48 | Build | Farm |
| 21:58 | Build | Farm |
| 22:03 | Research | Bow Saw |
| 22:11 | Build | Town Center |
| 22:27 | Build | Farm |
| 22:36 | Research | Gold Mining |
| 22:45 | Research | Squires |
| 22:52 | Build | Farm |
| 23:17 | Build | Farm |
| 23:37 | Create | Villager (Male) |
| 23:37 | Create | Villager (Male) |
| 23:39 | Research | Wheelbarrow |
| 24:00 | Research | Caravan |
| 24:14 | Create | Villager (Male) |
| 24:16 | Create | Villager (Male) |
| 24:29 | Build | Monastery |
| 24:35 | Build | University |
| 24:57 | Create | Monk |
| 25:08 | Create | Villager (Male) |
| 25:08 | Create | Villager (Male) |
| 25:09 | Create | Villager (Male) |
| 25:10 | Create | Villager (Male) |
| 25:28 | Create | Villager (Male) |
| 25:28 | Create | Villager (Male) |
| 25:55 | Research | Murder Holes |
| 26:08 | Create | Villager (Male) |
| 26:19 | Build | Archery Range |
| 27:41 | Build | Farm |
| 27:45 | Build | Farm |
| 27:47 | Research | Kamandaran |
| 28:01 | Build | House |
| 28:09 | Build | House |
| 28:13 | Build | House |
| 28:17 | Build | House |
| 28:25 | Create | Villager (Male) |
| 28:25 | Create | Villager (Male) |
| 28:35 | Research | Bodkin Arrow |
| 28:39 | Research | Heated Shot |
| 28:40 | Research | Ballistics |
| 29:50 | Build | Town Center |
| 30:07 | Create | Trade Cart |
| 30:08 | Create | Trade Cart |
| 30:08 | Create | Trade Cart |
| 30:12 | Create | Trade Cart |
| 30:17 | Research | Hand Cart |
| 30:18 | Research | Town Patrol |
| 30:19 | Create | Villager (Male) |
| 30:20 | Create | Villager (Male) |
Build order — MrAlwaysWins
First 150 of 776 actions detected
| 0:04 | Create | Villager (Male) |
| 0:04 | Create | Villager (Male) |
| 0:04 | Create | Villager (Male) |
| 0:05 | Create | Villager (Male) |
| 0:05 | Create | Villager (Male) |
| 0:12 | Build | House |
| 0:14 | Build | House |
| 0:16 | Build | House |
| 0:17 | Build | House |
| 1:13 | Research | Loom |
| 1:52 | Create | Villager (Male) |
| 1:52 | Create | Villager (Male) |
| 2:21 | Create | Villager (Male) |
| 2:21 | Create | Villager (Male) |
| 2:54 | Create | Villager (Male) |
| 2:54 | Create | Villager (Male) |
| 3:25 | Create | Villager (Male) |
| 3:25 | Create | Villager (Male) |
| 3:25 | Create | Villager (Male) |
| 3:40 | Create | Villager (Male) |
| 3:40 | Create | Villager (Male) |
| 4:07 | Create | Villager (Male) |
| 4:08 | Create | Villager (Male) |
| 4:36 | Create | Villager (Male) |
| 4:36 | Create | Villager (Male) |
| 4:36 | Create | Villager (Male) |
| 5:01 | Create | Villager (Male) |
| 5:01 | Create | Villager (Male) |
| 5:02 | Create | Villager (Male) |
| 5:26 | Create | Villager (Male) |
| 5:26 | Create | Villager (Male) |
| 6:07 | Create | Villager (Male) |
| 6:07 | Create | Villager (Male) |
| 6:07 | Create | Villager (Male) |
| 6:42 | Create | Villager (Male) |
| 6:42 | Create | Villager (Male) |
| 6:42 | Create | Villager (Male) |
| 7:36 | Create | Villager (Male) |
| 7:37 | Create | Villager (Male) |
| 7:37 | Create | Villager (Male) |
| 7:37 | Create | Villager (Male) |
| 7:37 | Create | Villager (Male) |
| 7:38 | Create | Villager (Male) |
| 8:28 | Build | Mining Camp |
| 8:41 | Create | Villager (Male) |
| 9:00 | Build | Lumber Camp |
| 9:31 | Build | Mill |
| 11:04 | Research | Feudal Age |
| 11:04 | Research | Feudal Age |
| 11:05 | Research | Feudal Age |
| 11:33 | Build | Farm |
| 11:33 | Build | Farm |
| 11:33 | Build | Farm |
| 11:33 | Build | Farm |
| 11:34 | Build | Farm |
| 11:34 | Build | Farm |
| 11:34 | Build | Farm |
| 11:34 | Build | Farm |
| 11:35 | Build | Farm |
| 11:35 | Build | Farm |
| 11:35 | Build | Farm |
| 11:35 | Build | Farm |
| 11:36 | Build | Farm |
| 11:36 | Build | Farm |
| 11:36 | Build | Farm |
| 11:36 | Build | Farm |
| 11:37 | Build | Farm |
| 11:37 | Build | Farm |
| 11:37 | Build | Farm |
| 11:38 | Build | Farm |
| 11:38 | Build | Farm |
| 11:38 | Build | Farm |
| 11:38 | Build | Farm |
| 12:45 | Build | House |
| 13:13 | Create | Villager (Male) |
| 13:14 | Age | Feudal Age |
| 13:41 | Create | Villager (Male) |
| 13:41 | Create | Villager (Male) |
| 13:49 | Create | Villager (Male) |
| 14:04 | Build | House |
| 14:19 | Create | Villager (Male) |
| 14:19 | Create | Villager (Male) |
| 15:21 | Create | Villager (Male) |
| 15:55 | Create | Villager (Male) |
| 16:23 | Build | Market |
| 16:29 | Build | Blacksmith |
| 16:53 | Create | Villager (Male) |
| 16:54 | Create | Villager (Male) |
| 17:08 | Research | Double-Bit Axe |
| 17:12 | Research | Horse Collar |
| 17:18 | Research | Stone Mining |
| 17:21 | Research | Gold Mining |
| 18:19 | Research | Castle Age |
| 18:20 | Research | Castle Age |
| 18:20 | Research | Castle Age |
| 18:48 | Build | Mining Camp |
| 19:09 | Build | Mining Camp |
| 19:27 | Build | House |
| 19:29 | Build | House |
| 20:35 | Create | Villager (Male) |
| 20:35 | Create | Villager (Male) |
| 20:36 | Create | Villager (Male) |
| 20:36 | Create | Villager (Male) |
| 20:38 | Create | Villager (Male) |
| 20:40 | Create | Villager (Male) |
| 20:59 | Age | Castle Age |
| 21:11 | Research | Bow Saw |
| 21:21 | Research | Stone Shaft Mining |
| 21:52 | Create | Villager (Male) |
| 21:53 | Create | Villager (Male) |
| 22:21 | Create | Villager (Male) |
| 22:24 | Build | Farm |
| 22:48 | Create | Villager (Male) |
| 23:11 | Build | Castle |
| 23:27 | Create | Villager (Male) |
| 23:31 | Create | Villager (Male) |
| 23:52 | Build | Town Center |
| 24:44 | Create | Villager (Male) |
| 24:44 | Create | Villager (Male) |
| 24:44 | Create | Villager (Male) |
| 24:44 | Create | Villager (Male) |
| 24:45 | Create | Villager (Male) |
| 24:45 | Create | Villager (Male) |
| 24:47 | Create | Villager (Male) |
| 24:51 | Create | Villager (Male) |
| 24:51 | Create | Villager (Male) |
| 24:52 | Create | Villager (Male) |
| 24:52 | Create | Villager (Male) |
| 24:52 | Create | Villager (Male) |
| 25:00 | Build | Farm |
| 25:03 | Build | Farm |
| 25:07 | Build | Farm |
| 25:14 | Build | Farm |
| 25:22 | Build | Farm |
| 25:42 | Research | Fletching |
| 26:04 | Build | Town Center |
| 26:23 | Create | Villager (Male) |
| 26:24 | Create | Villager (Male) |
| 26:30 | Create | Villager (Male) |
| 26:30 | Create | Villager (Male) |
| 26:30 | Create | Villager (Male) |
| 26:38 | Research | Heavy Plow |
| 27:02 | Research | Wheelbarrow |
| 27:03 | Research | Town Watch |
| 27:16 | Create | Villager (Male) |
| 27:17 | Create | Villager (Male) |
| 27:21 | Create | Villager (Male) |
| 27:21 | Create | Villager (Male) |
| 27:21 | Create | Villager (Male) |
| 27:42 | Research | Bodkin Arrow |
Build order — Cerati matero
First 150 of 579 actions detected
| 0:04 | Create | Villager (Male) |
| 0:05 | Create | Villager (Male) |
| 0:09 | Build | House |
| 0:13 | Build | House |
| 1:46 | Create | Villager (Male) |
| 1:54 | Create | Villager (Male) |
| 2:39 | Create | Villager (Male) |
| 2:39 | Create | Villager (Male) |
| 3:20 | Create | Villager (Male) |
| 3:58 | Create | Villager (Male) |
| 3:58 | Create | Villager (Male) |
| 4:21 | Create | Villager (Male) |
| 4:45 | Create | Villager (Male) |
| 5:20 | Build | House |
| 5:21 | Build | House |
| 5:33 | Research | Loom |
| 6:00 | Create | Villager (Male) |
| 6:00 | Create | Villager (Male) |
| 6:00 | Create | Villager (Male) |
| 6:01 | Create | Villager (Male) |
| 6:24 | Build | Mill |
| 7:09 | Build | Farm |
| 7:51 | Create | Villager (Male) |
| 8:38 | Build | Farm |
| 8:52 | Build | Lumber Camp |
| 9:06 | Create | Villager (Male) |
| 9:37 | Research | Feudal Age |
| 9:57 | Build | Farm |
| 9:58 | Build | Farm |
| 11:05 | Build | Barracks |
| 11:33 | Build | Farm |
| 11:34 | Build | Farm |
| 11:47 | Age | Feudal Age |
| 11:51 | Create | Villager (Male) |
| 11:52 | Create | Villager (Male) |
| 11:52 | Create | Villager (Male) |
| 11:52 | Create | Villager (Male) |
| 11:58 | Build | Farm |
| 12:06 | Build | Farm |
| 12:25 | Build | Farm |
| 12:33 | Research | Double-Bit Axe |
| 12:53 | Build | Farm |
| 13:11 | Build | Lumber Camp |
| 13:17 | Create | Villager (Male) |
| 13:38 | Build | Farm |
| 13:54 | Build | House |
| 13:57 | Build | House |
| 14:00 | Research | Wheelbarrow |
| 14:13 | Build | Farm |
| 14:57 | Build | Lumber Camp |
| 15:14 | Create | Villager (Male) |
| 15:15 | Create | Villager (Male) |
| 15:15 | Create | Villager (Male) |
| 15:43 | Build | Archery Range |
| 15:51 | Build | Farm |
| 16:07 | Build | Farm |
| 16:21 | Build | Farm |
| 16:33 | Create | Villager (Male) |
| 16:33 | Create | Villager (Male) |
| 16:38 | Build | Farm |
| 17:10 | Build | Farm |
| 17:25 | Create | Villager (Male) |
| 17:25 | Create | Villager (Male) |
| 17:32 | Build | Farm |
| 17:56 | Create | Villager (Male) |
| 18:02 | Research | Horse Collar |
| 18:30 | Build | Mining Camp |
| 18:42 | Create | Villager (Male) |
| 18:42 | Create | Villager (Male) |
| 18:42 | Create | Villager (Male) |
| 19:09 | Research | Gold Mining |
| 19:26 | Build | House |
| 19:28 | Build | House |
| 19:47 | Create | Villager (Male) |
| 19:47 | Create | Villager (Male) |
| 19:50 | Create | Villager (Male) |
| 19:50 | Create | Villager (Male) |
| 19:50 | Create | Villager (Male) |
| 19:50 | Create | Villager (Male) |
| 19:51 | Create | Villager (Male) |
| 19:51 | Create | Villager (Male) |
| 20:33 | Build | Blacksmith |
| 21:07 | Build | Mining Camp |
| 21:34 | Research | Castle Age |
| 21:47 | Research | Fletching |
| 22:17 | Create | Spearman |
| 22:18 | Create | Spearman |
| 22:18 | Create | Spearman |
| 22:18 | Create | Spearman |
| 22:19 | Create | Spearman |
| 22:19 | Create | Spearman |
| 22:29 | Research | Forging |
| 22:49 | Research | Stone Mining |
| 23:24 | Build | Market |
| 23:33 | Create | Spearman |
| 23:47 | Build | House |
| 23:49 | Build | House |
| 23:50 | Build | House |
| 24:02 | Research | Town Watch |
| 24:21 | Age | Castle Age |
| 24:36 | Build | Town Center |
| 24:41 | Research | Bow Saw |
| 24:44 | Research | Heavy Plow |
| 24:48 | Research | Hand Cart |
| 25:00 | Research | Pikeman (upgrade) |
| 25:07 | Research | Iron Casting |
| 25:23 | Create | Trade Cart |
| 25:23 | Create | Trade Cart |
| 25:53 | Build | University |
| 26:08 | Create | Villager (Male) |
| 26:08 | Create | Villager (Male) |
| 26:08 | Create | Villager (Male) |
| 26:09 | Create | Villager (Male) |
| 26:09 | Create | Villager (Male) |
| 26:09 | Create | Villager (Male) |
| 26:10 | Create | Villager (Male) |
| 26:17 | Create | Villager (Male) |
| 26:17 | Create | Villager (Male) |
| 26:18 | Create | Villager (Male) |
| 26:18 | Create | Villager (Male) |
| 26:43 | Create | Trade Cart |
| 26:44 | Create | Trade Cart |
| 26:44 | Create | Trade Cart |
| 26:44 | Create | Trade Cart |
| 26:44 | Create | Trade Cart |
| 27:31 | Research | Scale Mail Armor |
| 27:35 | Research | Thumb Ring |
| 27:40 | Create | Villager (Male) |
| 27:40 | Create | Villager (Male) |
| 27:53 | Create | Villager (Male) |
| 28:05 | Create | Villager (Male) |
| 28:05 | Create | Villager (Male) |
| 28:11 | Build | Farm |
| 28:22 | Create | Spearman |
| 28:22 | Create | Spearman |
| 28:23 | Create | Spearman |
| 29:00 | Build | House |
| 29:01 | Build | House |
| 29:01 | Build | House |
| 29:02 | Build | House |
| 29:04 | Build | House |
| 29:18 | Create | Villager (Male) |
| 29:18 | Create | Villager (Male) |
| 29:19 | Create | Villager (Male) |
| 29:28 | Build | Farm |
| 29:28 | Build | Farm |
| 29:35 | Research | Town Patrol |
| 29:58 | Create | Villager (Male) |
| 29:59 | Create | Villager (Male) |
| 29:59 | Create | Villager (Male) |
Build order — Laucha.crack
First 150 of 381 actions detected
| 0:02 | Research | Loom |
| 0:03 | Create | Villager (Male) |
| 0:03 | Create | Villager (Male) |
| 0:04 | Create | Villager (Male) |
| 0:25 | Build | House |
| 1:26 | Build | House |
| 1:27 | Build | House |
| 1:29 | Build | House |
| 1:50 | Create | Villager (Male) |
| 1:50 | Create | Villager (Male) |
| 1:50 | Create | Villager (Male) |
| 2:33 | Create | Villager (Male) |
| 2:33 | Create | Villager (Male) |
| 2:53 | Create | Villager (Male) |
| 3:12 | Create | Villager (Male) |
| 3:12 | Create | Villager (Male) |
| 3:50 | Create | Villager (Male) |
| 3:50 | Create | Villager (Male) |
| 3:59 | Create | Villager (Male) |
| 4:00 | Create | Villager (Male) |
| 4:47 | Create | Villager (Male) |
| 4:47 | Create | Villager (Male) |
| 4:47 | Create | Villager (Male) |
| 4:51 | Create | Villager (Male) |
| 5:16 | Build | Mill |
| 5:54 | Create | Villager (Male) |
| 5:54 | Create | Villager (Male) |
| 5:55 | Create | Villager (Male) |
| 5:55 | Create | Villager (Male) |
| 6:27 | Build | Lumber Camp |
| 7:53 | Research | Feudal Age |
| 9:04 | Build | Mill |
| 10:03 | Age | Feudal Age |
| 10:22 | Research | Wheelbarrow |
| 10:22 | Research | Town Watch |
| 10:25 | Research | Double-Bit Axe |
| 11:52 | Create | Villager (Male) ×5 |
| 12:21 | Build | Farm |
| 12:26 | Build | Farm |
| 12:28 | Build | Farm |
| 12:30 | Build | Farm |
| 12:32 | Build | Farm |
| 12:33 | Build | Farm |
| 12:39 | Build | Farm |
| 12:53 | Build | Farm |
| 13:13 | Build | House |
| 13:14 | Build | House |
| 13:38 | Build | Mining Camp |
| 13:59 | Create | Villager (Male) |
| 13:59 | Create | Villager (Male) |
| 14:02 | Create | Villager (Male) ×5 |
| 14:26 | Build | Farm |
| 14:27 | Build | Farm |
| 14:30 | Build | Farm |
| 14:34 | Build | Farm |
| 14:36 | Build | Farm |
| 14:39 | Build | Farm |
| 14:39 | Build | Farm |
| 14:45 | Build | Farm |
| 14:45 | Build | Farm |
| 15:02 | Build | House |
| 15:36 | Build | House |
| 15:39 | Build | House |
| 15:41 | Build | House |
| 15:42 | Build | House |
| 15:44 | Build | House |
| 15:51 | Build | Farm |
| 16:56 | Create | Villager (Male) ×5 |
| 17:26 | Build | Blacksmith |
| 17:32 | Build | Barracks |
| 18:16 | Research | Gold Mining |
| 19:27 | Build | Stable |
| 19:38 | Create | Villager (Male) |
| 20:11 | Research | Castle Age |
| 20:21 | Build | Mining Camp |
| 20:44 | Research | Stone Mining |
| 21:42 | Create | Scout Cavalry |
| 21:48 | Research | Arson |
| 21:53 | Research | Forging |
| 21:56 | Research | Scale Barding Armor |
| 21:58 | Research | Scale Mail Armor |
| 22:00 | Research | Fletching |
| 22:51 | Age | Castle Age |
| 22:57 | Research | Hand Cart |
| 23:10 | Build | Town Center |
| 23:36 | Build | Castle |
| 24:34 | Build | Farm |
| 25:10 | Research | Imperial Age |
| 25:44 | Build | Market |
| 26:04 | Create | Villager (Male) ×5 |
| 27:20 | Build | Farm |
| 27:34 | Create | Villager (Male) ×5 |
| 27:41 | Build | Farm |
| 27:56 | Research | Pikeman (upgrade) |
| 27:56 | Research | Squires |
| 28:12 | Create | Villager (Male) ×5 |
| 28:20 | Age | Imperial Age |
| 28:51 | Build | Farm |
| 29:40 | Create | Villager (Male) ×5 |
| 29:42 | Create | Villager (Male) ×5 |
| 29:57 | Build | Town Center |
| 30:39 | Research | Iron Casting |
| 31:07 | Build | Town Center |
| 31:38 | Build | Castle |
| 31:47 | Build | Castle |
| 31:48 | Build | Castle |
| 32:17 | Research | Halberdier (upgrade) |
| 32:23 | Research | Cavalier (upgrade) |
| 32:23 | Research | Cavalier (upgrade) |
| 32:24 | Research | Husbandry |
| 32:46 | Build | Farm |
| 32:47 | Build | Farm |
| 32:48 | Build | Farm |
| 32:49 | Build | Farm |
| 32:51 | Build | Farm |
| 32:53 | Build | Farm |
| 32:55 | Build | Farm |
| 32:56 | Build | Farm |
| 32:57 | Build | Farm |
| 32:58 | Build | Farm |
| 33:20 | Build | Farm |
| 33:27 | Build | Farm |
| 33:34 | Create | Villager (Male) ×5 |
| 33:36 | Create | Villager (Male) ×4 |
| 33:58 | Create | Villager (Male) |
| 34:03 | Create | Villager (Male) |
| 34:23 | Create | Villager (Male) ×5 |
| 34:31 | Create | Villager (Male) |
| 34:43 | Create | Spearman |
| 34:43 | Create | Spearman |
| 34:43 | Create | Spearman |
| 34:43 | Create | Spearman |
| 34:44 | Create | Spearman |
| 34:44 | Create | Spearman |
| 34:44 | Create | Spearman |
| 34:44 | Create | Spearman |
| 35:11 | Build | Mining Camp |
| 35:26 | Build | Stable |
| 35:31 | Build | Stable |
| 35:42 | Build | University |
| 35:42 | Build | University |
| 36:03 | Build | Siege Workshop |
| 36:13 | Build | Stable |
| 36:20 | Create | Villager (Male) ×5 |
| 36:23 | Create | Villager (Male) ×5 |
| 36:29 | Create | Villager (Male) ×5 |
| 36:34 | Create | Villager (Male) ×5 |
| 37:52 | Research | Blast Furnace |
| 37:53 | Research | Chain Barding Armor |
| 38:02 | Create | Knight ×5 |
Match timeline
| 6:45 | leehunt85 · first_building Barracks |
| 10:03 | Laucha.crack · age_up feudal |
| 11:05 | Cerati matero · first_building Barracks |
| 11:47 | Cerati matero · age_up feudal |
| 12:48 | leehunt85 · age_up feudal |
| 13:14 | MrAlwaysWins · age_up feudal |
| 15:43 | Cerati matero · first_building Archery Range |
| 17:32 | Laucha.crack · first_building Barracks |
| 19:27 | Laucha.crack · first_building Stable |
| 20:05 | leehunt85 · age_up castle |
| 20:14 | leehunt85 · first_building Castle |
| 20:59 | MrAlwaysWins · age_up castle |
| 22:51 | Laucha.crack · age_up castle |
| 23:11 | MrAlwaysWins · first_building Castle |
| 23:36 | Laucha.crack · first_building Castle |
| 24:21 | Cerati matero · age_up castle |
| 24:29 | leehunt85 · first_building Monastery |
| 26:19 | leehunt85 · first_building Archery Range |
| 28:20 | Laucha.crack · age_up imperial |
| 30:21 | Cerati matero · first_building Castle |
| 31:03 | leehunt85 · first_building Stable |
| 33:40 | Cerati matero · first_building Siege Workshop |
| 35:14 | Cerati matero · first_building Monastery |
| 36:03 | Laucha.crack · first_building Siege Workshop |
| 37:20 | MrAlwaysWins · age_up imperial |
| 37:25 | MrAlwaysWins · first_building Barracks |
| 38:16 | leehunt85 · age_up imperial |
| 39:27 | Laucha.crack · first_building Monastery |
| 39:41 | Cerati matero · age_up imperial |
| 41:30 | MrAlwaysWins · first_building Monastery |
| 44:55 | leehunt85 · first_market_buy 100 food |
| 48:06 | Cerati matero · wall_segment Stone Wall x8 |
| 55:54 | MrAlwaysWins · tribute_sent a jugador 2 |
| 55:54 | MrAlwaysWins · tribute_sent a jugador 3 |
| 55:54 | MrAlwaysWins · tribute_sent a jugador 4 |
| 56:21 | MrAlwaysWins · first_market_sell 100 wood |
| 80:42 | MrAlwaysWins · first_building Siege Workshop |
| 82:25 | MrAlwaysWins · first_market_buy 100 food |
| 90:08 | leehunt85 · first_building Siege Workshop |
| 90:17 | MrAlwaysWins · resign |
[ AI ANALYSIS · 1 CREDIT ]
What really happened in this match?
Wolo.gg analyzes every decision: build order, eco, micro, common mistakes by bracket. Personalized analysis on WhatsApp or Discord in 30 seconds.
Civ guide
Persians
Map guide
Seasons
Perfil
leehunt85